[Event "Titled Tuesday Blitz March 08 Early 2022"]
[White "Rychagov, Andrey"]
[Black "Svane, Rasmus"]
[WhiteFideId "4119932"]
[BlackFideId "4657101"]
[WhiteElo "2500"]
[BlackElo "2645"]
[Result "1/2-1/2"]
[Round "06"]
[TimeControl "180+1"]
[Date "2022.03.08"]
[WhiteClock "0:00:02"]
[BlackClock "0:00:06"]

1. d4 Nf6 2. c4 e6 3. Nf3 d5 4. Nc3 a6 5. cxd5 exd5 6. Bf4 Bd6 7. e3 O-O 8. Be2 Bg4 9. Bxd6 Qxd6 10. Qb3 Nbd7 11. O-O c6 12. h3 Bxf3 13. Bxf3 Rfe8 14. Rfe1 g6 15. Rad1 Rab8 16. e4 dxe4 17. Bxe4 Re7 18. d5 Nc5 19. dxc6 Qxc6 20. Bxc6 Rxe1+ 21. Rxe1 Nxb3 22. Bd5 Nc5 23. Re7 Nxd5 24. Nxd5 Rd8 25. Nf6+ Kg7 26. Ng4 Rd1+ 27. Kh2 h5 28. b4 Ne6 29. Ne3 Rd2 30. Rxb7 Rxa2 31. Kg3 h4+ 32. Kxh4 Rxf2 33. Kg3 Re2 34. Ng4 Nd4 35. Kf4 Rxg2 36. Ne5 Ne6+ 37. Kf3 Rg5 38. Ke4 Rf5 39. Rb6 Rf6 40. Rc6 Ng5+ 41. Kd5 Rf5 42. Kd6 Ne4+ 43. Kd5 Nf6+ 44. Kd4 Rf4+ 45. Kd3 Rxb4 46. Rc7 Nd5 47. Rxf7+ Kh6 48. Ng4+ Kg5 49. Rd7 Nf4+ 50. Kc3 Nxh3 51. Kxb4 Kxg4 52. Rd6 g5 53. Rxa6 Nf4 54. Ra5 Kh4 55. Rxg5 Kxg5 1/2-1/2


[Site "https://www.chess.com"]

[Event "Titled Tuesday Blitz March 08 Early 2022"]
[White "Sailer, Mike"]
[Black "Polster, Christian"]
[WhiteFideId "2012901"]
[BlackFideId "12965081"]
[WhiteElo "2109"]
[BlackElo "2277"]
[Result "0-1"]
[Round "06"]
[TimeControl "180+1"]
[Date "2022.03.09"]
[WhiteClock "0:00:01"]
[BlackClock "0:00:07"]

1. d4 d5 2. Nf3 Nf6 3. Bf4 c5 4. e3 Nc6 5. Nc3 Bf5 6. Be2 e6 7. O-O Bd6 8. Bxd6 Qxd6 9. Nb5 Qe7 10. dxc5 O-O 11. Nd6 Bg6 12. a3 b6 13. b4 bxc5 14. bxc5 Ne4 15. Nxe4 Bxe4 16. c4 Qxc5 17. cxd5 Qxd5 18. Qxd5 Bxd5 19. Rfc1 Na5 20. Rc7 Nb3 21. Rb1 Rfc8 22. Rd7 Rc1+ 23. Rxc1 Nxc1 24. Bf1 a5 25. Nd2 Nb3 26. Nxb3 Bxb3 27. g3 g6 28. Bb5 Kg7 29. Kf1 Rb8 30. a4 Rc8 31. Ke2 Rc2+ 32. Rd2 Kf6 33. Rxc2 Bxc2 34. f4 Ke7 35. Kf3 f5 36. g4 Be4+ 37. Kg3 Kd6 38. g5 e5 39. h4 Bc2 40. h5 exf4+ 41. Kxf4 gxh5 42. Kg3 Ke5 43. Kh4 Ke4 44. Kxh5 Kxe3 45. Kh6 f4 46. Bc6 f3 0-1


[Site "https://www.chess.com"]

[Event "Titled Tuesday Blitz March 08 Early 2022"]
[White "San, Thit Lwin"]
[Black "Begunov, Konstantin"]
[WhiteFideId "13001272"]
[BlackFideId "4118510"]
[WhiteElo "2232"]
[BlackElo "2262"]
[Result "0-1"]
[Round "06"]
[TimeControl "180+1"]
[Date "2022.03.09"]
[WhiteClock "0:00:02"]
[BlackClock "0:00:20"]

1. Nf3 d5 2. c4 c6 3. d4 Nf6 4. Nc3 dxc4 5. a4 Bg4 6. Ne5 Bh5 7. Nxc4 Na6 8. f3 Nb4 9. a5 Qxd4 10. Qxd4 Nc2+ 11. Kf2 Nxd4 12. e4 Nb3 13. Rb1 Nxc1 14. Rxc1 Nd7 15. f4 e5 16. fxe5 Bc5+ 17. Kg3 O-O 18. Be2 Bxe2 19. Nxe2 Rfe8 20. Kf4 Re7 21. Rhd1 Rae8 22. Ng3 Nxe5 23. Nf5 Ng6+ 24. Kf3 Rxe4 25. g4 Rf4+ 26. Kg3 Bf2+ 27. Kh3 h5 28. gxh5 Rxf5 29. hxg6 fxg6 30. Nd6 Rf3+ 31. Kg2 Ref8 32. Rf1 R3f4 33. Rc4 Rxc4 34. Nxc4 Bd4 35. Rd1 c5 36. b4 Rf2+ 37. Kg3 Rc2 38. bxc5 Rxc4 39. Rb1 Bxc5 40. Rxb7 Kh7 41. Kf3 Rc2 42. h4 Ra2 43. Rc7 Bg1 0-1


[Site "https://www.chess.com"]

[Event "Titled Tuesday Blitz March 08 Early 2022"]
[White "Sanchez, Robert"]
[Black "Toncheva, Nadya"]
[WhiteFideId "2034360"]
[BlackFideId "2924056"]
[WhiteElo "2254"]
[BlackElo "1884"]
[Result "1-0"]
[Round "06"]
[TimeControl "180+1"]
[Date "2022.03.09"]
[WhiteClock "0:00:57"]
[BlackClock "0:01:34"]

1. e4 c5 2. Nf3 d6 3. d4 cxd4 4. Nxd4 Nf6 5. Nc3 Nc6 6. f3 e5 7. Nb3 Be6 8. Be3 Be7 9. Qd2 a6 10. O-O-O Qc7 11. g4 h6 12. h4 b5 13. Kb1 Rc8 14. Bd3 Na5 15. g5 Nxb3 16. axb3 hxg5 17. hxg5 Nh5 18. Nd5 Bxd5 19. exd5 g6 20. f4 exf4 21. Bxf4 Qc5 22. Be4 Rg8 23. Be3 Qc7 24. Bd4 Ng3 25. Rhe1 Kf8 26. Bf6 Bxf6 27. gxf6 Rh8 28. Bd3 Re8 29. Rxe8+ Kxe8 30. Qe3+ 1-0


[Site "https://www.chess.com"]

[Event "Titled Tuesday Blitz March 08 Early 2022"]
[White "Sargissyan, Sargis"]
[Black "Mikhailov, Viacheslav"]
[WhiteFideId "13303210"]
[BlackFideId "4187369"]
[WhiteElo "2174"]
[BlackElo "2381"]
[Result "0-1"]
[Round "06"]
[TimeControl "180+1"]
[Date "2022.03.09"]
[WhiteClock "0:00:02"]
[BlackClock "0:01:12"]

1. e4 d6 2. d4 Nf6 3. Nc3 g6 4. f4 Bg7 5. Nf3 O-O 6. a3 Bg4 7. Bd3 Nc6 8. d5 Nd4 9. Be3 Nxf3+ 10. gxf3 Bh5 11. Qd2 Bxf3 12. Rf1 Bh5 13. f5 c6 14. Bh6 Qb6 15. Bxg7 Kxg7 16. Qg5 Qxb2 17. Kd2 cxd5 18. Rfb1 Qxa1 19. Rxa1 dxe4 20. Nxe4 Rac8 21. Nxf6 exf6 22. Qf4 Rc5 23. Re1 Ra5 24. Qxd6 Bf3 25. Re7 Bc6 26. Bc4 Rxf5 27. Qc7 Bd5 28. Bxd5 Rxd5+ 29. Kc1 Rh5 30. Kb2 b5 31. Re2 a5 32. Qxa5 Kg8 33. Qc7 f5 34. Qd7 f4 35. Re8 Rf5 36. Rxf8+ Kxf8 37. Qd6+ Kg7 38. Qd4+ Kh6 39. Kb3 f3 40. Qf2 Kg5 0-1


[Site "https://www.chess.com"]

[Event "Titled Tuesday Blitz March 08 Early 2022"]
[White "Seemann, Jakub"]
[Black "Zhu, Jiner"]
[WhiteFideId "21874697"]
[BlackFideId "8608059"]
[WhiteElo "2003"]
[BlackElo "2281"]
[Result "0-1"]
[Round "06"]
[TimeControl "180+1"]
[Date "2022.03.09"]
[WhiteClock "0:00:01"]
[BlackClock "0:00:14"]

1. Nf3 Nf6 2. g3 d5 3. Bg2 e6 4. O-O c5 5. e3 Nc6 6. b3 Be7 7. Bb2 O-O 8. c4 d4 9. exd4 cxd4 10. d3 e5 11. Re1 Bd6 12. a3 a5 13. Nbd2 Re8 14. Ng5 h6 15. Nge4 Nxe4 16. Nxe4 Bf8 17. g4 Be6 18. h3 Rc8 19. Qd2 Qb6 20. Qc2 Qc7 21. Ng3 Ne7 22. b4 Ng6 23. c5 Nf4 24. Rac1 Nxg2 25. Kxg2 Qc6+ 26. f3 Bd5 27. Ne4 g6 28. b5 Qe6 29. Bxd4 exd4 30. Nd6 Qxd6 31. cxd6 Rxc2+ 32. Rxc2 Rxe1 33. d7 Be7 34. Rc8+ Kg7 35. Re8 Kf6 36. d8=Q Bxd8 37. Rxe1 a4 38. h4 g5 39. hxg5+ hxg5 40. Ra1 Be7 41. Kf2 Ke5 42. Re1+ Kf6 43. Ra1 Bd6 44. Ke2 Ke5 45. Rh1 Bb3 46. Rh5 f6 47. Rh8 Bxa3 48. Rb8 Bd5 49. Re8+ Kd6 50. Kd2 Bb2 51. Kc2 a3 52. Rd8+ Ke6 53. b6 Bc3 54. Re8+ Kd7 55. Kb1 a2+ 0-1


[Site "https://www.chess.com"]

[Event "Titled Tuesday Blitz March 08 Early 2022"]
[White "Shubenkova, Veronika"]
[Black "Morefield, Jason"]
[WhiteFideId "44124040"]
[BlackFideId "30920825"]
[WhiteElo "1938"]
[BlackElo "2171"]
[Result "0-1"]
[Round "06"]
[TimeControl "180+1"]
[Date "2022.03.09"]
[WhiteClock "0:01:04"]
[BlackClock "0:00:56"]

1. d4 d5 2. e3 Nf6 3. f4 Bf5 4. Bd3 Bxd3 5. Qxd3 e6 6. Qb5+ Nbd7 7. Qxb7 Bd6 8. Qa6 O-O 9. Nf3 Ne4 10. O-O c5 11. Nbd2 Nb6 12. Nxe4 dxe4 13. Ne5 cxd4 14. exd4 Bxe5 15. dxe5 Qd4+ 16. Kh1 Nc4 17. c3 Qd3 18. Rg1 Nxb2 19. Qxd3 Nxd3 20. Be3 Rfc8 21. Rgb1 Rxc3 22. Rb7 a5 23. Rab1 h5 24. Rf1 Nb4 25. Bd4 Rd3 26. Bg1 g6 27. a4 Rc8 28. Rb5 e3 29. Re1 Nc2 30. Rc1 e2 31. Rbb1 Rc4 32. g3 Na3 33. Rxc4 Nxb1 34. Re4 Nc3 0-1


[Site "https://www.chess.com"]

[Event "Titled Tuesday Blitz March 08 Early 2022"]
[White "Shuvalov, Evgenij"]
[Black "Majella, Rudijanto"]
[WhiteFideId "4187237"]
[BlackFideId "7100680"]
[WhiteElo "2151"]
[BlackElo "2252"]
[Result "0-1"]
[Round "06"]
[TimeControl "180+1"]
[Date "2022.03.09"]
[WhiteClock "0:00:05"]
[BlackClock "0:00:12"]

1. e4 e5 2. f4 exf4 3. Bc4 Nc6 4. Nf3 Nf6 5. Nc3 Bb4 6. e5 d5 7. exf6 dxc4 8. fxg7 Rg8 9. Qe2+ Be6 10. a3 Ba5 11. b4 cxb3 12. cxb3 Rxg7 13. Bb2 Rg6 14. O-O Qd7 15. Kh1 O-O-O 16. b4 Bb6 17. Ne4 Nd4 18. Nxd4 Bxd4 19. Bxd4 Qxd4 20. Rac1 Rdg8 21. Rf2 Bd5 22. d3 f5 23. Nd6+ Rxd6 24. Qe7 Rd7 25. Qh4 Rdg7 26. h3 Rxg2 27. Rxg2 Rxg2 28. Qe7 Rc2+ 29. Qe4 Bxe4+ 30. dxe4 Qxe4+ 31. Kg1 Qg2# 0-1


[Site "https://www.chess.com"]

[Event "Titled Tuesday Blitz March 08 Early 2022"]
[White "Shuvalova, Polina"]
[Black "Shukhman, Anna"]
[WhiteFideId "24171760"]
[BlackFideId "54180058"]
[WhiteElo "2355"]
[BlackElo "1665"]
[Result "1-0"]
[Round "06"]
[TimeControl "180+1"]
[Date "2022.03.09"]
[WhiteClock "0:01:48"]
[BlackClock "0:00:43"]

1. d4 Nf6 2. Nf3 g6 3. c4 Bg7 4. Nc3 d5 5. cxd5 Nxd5 6. e4 Nxc3 7. bxc3 O-O 8. Be2 c5 9. O-O Nc6 10. Be3 Qc7 11. Rc1 b6 12. d5 Na5 13. c4 Nb7 14. g3 Rd8 15. e5 Bxe5 16. Nxe5 Qxe5 17. Bf4 Qf6 18. Qd2 Nd6 19. Bg5 Qe5 20. Bf4 Qf6 21. Rfe1 Nf5 22. Bg5 Qd4 23. Bd3 f6 24. Re4 fxg5 25. Rxd4 Nxd4 26. Kg2 g4 27. Qe3 Bf5 28. Bxf5 Nxf5 29. Qe6+ Kg7 30. Re1 Rd6 31. Qe4 a6 32. Qxg4 b5 33. Re5 Kh8 34. Qg5 bxc4 35. g4 Ng7 36. Qxe7 Rdd8 37. d6 c3 38. Rxc5 Rac8 39. Rxc8 Rxc8 40. d7 Rg8 41. d8=Q c2 42. Qxg8+ Kxg8 43. Qc7 1-0


[Site "https://www.chess.com"]

[Event "Titled Tuesday Blitz March 08 Early 2022"]
[White "Skliarov, Viktor"]
[Black "Rustemov, Alexander"]
[WhiteFideId "14106736"]
[BlackFideId "4119002"]
[WhiteElo "2229"]
[BlackElo "2775"]
[Result "1-0"]
[Round "06"]
[TimeControl "180+1"]
[Date "2022.03.09"]
[WhiteClock "0:00:09"]
[BlackClock "0:00:02"]

1. e4 e6 2. d4 d5 3. e5 c5 4. c3 Qb6 5. Nf3 Bd7 6. Be2 cxd4 7. cxd4 Bb5 8. Bxb5+ Qxb5 9. Nc3 Bb4 10. Bd2 Bxc3 11. Bxc3 Ne7 12. a4 Qa6 13. Qb3 Nbc6 14. Qb5 O-O 15. O-O Rfc8 16. Rfc1 h6 17. h3 Rc7 18. Bb4 Rac8 19. Qxa6 bxa6 20. Bd6 Rd7 21. Bxe7 Nxe7 22. Rxc8+ Nxc8 23. Rc1 Ne7 24. Rc5 Rb7 25. Ra5 Rb6 26. Rc5 Rb7 27. Ra5 Nc8 28. Rxa6 Rxb2 29. Rc6 Nb6 30. a5 Nc4 31. a6 Rb6 32. Rc8+ Kh7 33. Rc7 Rxa6 34. Rxf7 Ra1+ 35. Kh2 a5 36. g4 a4 37. h4 a3 38. h5 Rf1 39. Ra7 Nd2 40. Nh4 Rxf2+ 41. Kg3 Ne4+ 42. Kh3 a2 43. Ng6 Ng5+ 44. Kg3 Rf3+ 45. Kg2 Rd3 46. Ra8 Nf7 47. Nf8+ Kg8 48. Nxe6+ Kh7 49. Nf8+ Kg8 50. Ng6+ Kh7 51. e6 Rd2+ 52. Kg3 Rd3+ 53. Kf2 Rd2+ 54. Ke3 Rd1 55. exf7 Re1+ 56. Kd2 a1=Q 57. Rh8# 1-0


[Site "https://www.chess.com"]

[Event "Titled Tuesday Blitz March 08 Early 2022"]
[White "Spata, German"]
[Black "Jones, Gawain C B"]
[WhiteFideId "113026"]
[BlackFideId "409561"]
[WhiteElo "2238"]
[BlackElo "2657"]
[Result "0-1"]
[Round "06"]
[TimeControl "180+1"]
[Date "2022.03.08"]
[WhiteClock "0:00:06"]
[BlackClock "0:00:18"]

1. Nf3 c5 2. e3 g6 3. d4 cxd4 4. exd4 Bg7 5. Be2 Nf6 6. O-O O-O 7. c3 d6 8. Re1 Re8 9. h3 Bf5 10. Bf4 Nc6 11. Bd3 Bxd3 12. Qxd3 e5 13. dxe5 dxe5 14. Qxd8 Raxd8 15. Bg5 h6 16. Bxf6 Bxf6 17. Nbd2 Bg7 18. Nb3 e4 19. Nfd2 f5 20. Nf1 Ne5 21. Rad1 Nd3 22. Re2 Kf7 23. Nc1 Nxc1 24. Rxc1 h5 25. Ree1 Rd3 26. Rcd1 Red8 27. Rxd3 Rxd3 28. Ne3 Bh6 29. Kf1 Rd2 30. Re2 Bxe3 31. fxe3 Rd3 32. Kf2 h4 33. Rc2 g5 34. Ke2 f4 35. exf4 gxf4 36. Rd2 Rxd2+ 37. Kxd2 Ke6 38. b3 Kd5 39. Ke2 Kc5 40. Kd2 a5 41. Ke2 a4 42. Kd2 Kd5 43. Ke2 Kc6 44. Kd2 Kc5 45. Ke2 b6 46. Kd2 b5 47. Ke2 Kd6 48. Kd2 e3+ 49. Ke2 Ke5 50. Kd3 Kd5 0-1


[Site "https://www.chess.com"]

[Event "Titled Tuesday Blitz March 08 Early 2022"]
[White "Stefanov, Plamen"]
[Black "De Arruda, Leandro Formes"]
[WhiteFideId "2900980"]
[BlackFideId "22722009"]
[WhiteElo "2137"]
[BlackElo "1852"]
[Result "1-0"]
[Round "06"]
[TimeControl "180+1"]
[Date "2022.03.09"]
[WhiteClock "0:00:27"]
[BlackClock "0:00:03"]

1. e4 e5 2. Nf3 Nc6 3. Bc4 Bc5 4. d3 Nf6 5. O-O O-O 6. c3 d5 7. exd5 Nxd5 8. h3 Rb8 9. Qe2 Re8 10. Re1 Na5 11. Bb5 Bd7 12. Bxd7 Qxd7 13. b3 Nc6 14. b4 Bd6 15. a3 Nf4 16. Bxf4 exf4 17. Qd1 Rxe1+ 18. Qxe1 Re8 19. Qf1 Ne5 20. Nbd2 Ng6 21. Ne4 a6 22. Re1 h6 23. d4 Rd8 24. c4 Qa4 25. c5 Bf8 26. Qd3 Ne7 27. Ne5 Nd5 28. Qf3 a5 29. Qh5 g6 30. Nxg6 fxg6 31. Qxg6+ Bg7 32. Qe6+ Kh7 33. Qf5+ Kg8 34. Nd6 cxd6 35. Qxd5+ Kh8 36. cxd6 Qd7 37. Re6 axb4 38. axb4 b6 39. b5 Qf7 40. Qe4 Kg8 41. Re7 Qf6 42. d7 Kf8 43. Re8+ Kf7 44. Qd5+ Kg6 45. Re6 1-0


[Site "https://www.chess.com"]

[Event "Titled Tuesday Blitz March 08 Early 2022"]
[White "Suder, Jakub"]
[Black "Seo, Jung Min"]
[WhiteFideId "1195310"]
[BlackFideId "1734687"]
[WhiteElo "2058"]
[BlackElo "2401"]
[Result "0-1"]
[Round "06"]
[TimeControl "180+1"]
[Date "2022.03.09"]
[WhiteClock "0:00:06"]
[BlackClock "0:00:14"]

1. d4 Nf6 2. c4 c5 3. d5 e6 4. Nc3 exd5 5. cxd5 d6 6. e4 g6 7. f4 Bg7 8. Bb5+ Nfd7 9. a4 O-O 10. Nf3 Na6 11. O-O Nb4 12. Re1 a6 13. Bf1 Re8 14. Qb3 Rb8 15. Bd2 Nf6 16. h3 Bd7 17. Rad1 b5 18. axb5 axb5 19. e5 Nh5 20. Kh2 Bh6 21. g3 Qb6 22. e6 fxe6 23. dxe6 Bc6 24. e7+ Kh8 25. Ne4 Bxe4 26. Rxe4 d5 27. Re5 Bg7 28. Ree1 Nc6 29. Qxd5 Nxe7 30. Qf7 Qf6 31. Ne5 Nf5 32. g4 Rxe5 33. Qxf6 Rxe1 34. Rxe1 Bxf6 35. gxf5 Bxb2 36. fxg6 hxg6 37. Re6 c4 38. Be3 c3 39. Bd4+ Kh7 40. Re7+ Kh6 41. f5 gxf5 42. Bd3 Rd8 43. Be3+ Kg6 44. Bc2 Nf6 45. Re6 b4 46. h4 Kf7 47. Rb6 Ng4+ 48. Kg3 Nxe3 49. Bb3+ Ke7 50. Kf4 Nd5+ 51. Bxd5 Rxd5 52. h5 0-1


[Site "https://www.chess.com"]

[Event "Titled Tuesday Blitz March 08 Early 2022"]
[White "Svane, Frederik"]
[Black "Jary, Sergey"]
[WhiteFideId "12923044"]
[BlackFideId "14110350"]
[WhiteElo "2459"]
[BlackElo "2260"]
[Result "1/2-1/2"]
[Round "06"]
[TimeControl "180+1"]
[Date "2022.03.08"]
[WhiteClock "0:00:04"]
[BlackClock "0:00:29"]

1. e4 c5 2. Nf3 Nc6 3. Bb5 Qc7 4. O-O a6 5. Bxc6 Qxc6 6. Nc3 e6 7. d4 d6 8. d5 Qc7 9. dxe6 fxe6 10. Bf4 Be7 11. Qd3 Nf6 12. e5 Nh5 13. Bd2 dxe5 14. Rfe1 O-O 15. Rxe5 Nf6 16. Rae1 b5 17. Bf4 Qb7 18. Ng5 c4 19. Qh3 Bd6 20. Nce4 Bxe5 21. Bxe5 h6 22. Bxf6 gxf6 23. Nxe6 Bxe6 24. Qxe6+ Qf7 25. Nxf6+ Kh8 26. Ng4 Qxe6 27. Rxe6 Rad8 28. g3 h5 29. Rh6+ Kg7 30. Rxh5 Rd2 31. Rg5+ Kh7 32. h4 Rf7 33. h5 Rxc2 34. h6 Rxb2 35. Ne5 Rc7 36. Ng4 c3 37. Nf6+ Kxh6 38. Rg4 Rf7 39. Rf4 Rxf6 40. Rxf6+ Kg7 41. Rc6 c2 42. Kg2 Rxa2 43. Kf3 b4 44. Ke3 b3 45. Kd3 b2 46. Kxc2 b1=Q+ 47. Kxb1 Rxf2 48. Rxa6 Rg2 49. Ra3 Kg6 50. Kc1 Kg5 51. Kd1 Kg4 52. Ke1 Rxg3 53. Rxg3+ Kxg3 1/2-1/2


[Site "https://www.chess.com"]

[Event "Titled Tuesday Blitz March 08 Early 2022"]
[White "Tabatabaei, M. Amin"]
[Black "Sanal, Vahap"]
[WhiteFideId "12521213"]
[BlackFideId "6300545"]
[WhiteElo "2544"]
[BlackElo "2603"]
[Result "1/2-1/2"]
[Round "06"]
[TimeControl "180+1"]
[Date "2022.03.08"]
[WhiteClock "0:00:02"]
[BlackClock "0:00:07"]

1. d4 d6 2. e4 Nf6 3. Nc3 e5 4. Nf3 Nbd7 5. Rg1 g6 6. g4 Bg7 7. Be3 O-O 8. Qd2 Re8 9. g5 exd4 10. Nxd4 Nxe4 11. Nxe4 Rxe4 12. O-O-O Nb6 13. Qd3 Re8 14. h4 Nd5 15. Bd2 c6 16. Bg2 Qb6 17. Be1 Bf5 18. Qc4 Nf4 19. Bc3 d5 20. Qa4 Bd7 21. Bf1 Qc7 22. Qa3 a6 23. Nf3 Bf8 24. Qb3 c5 25. Bf6 Be6 26. Be5 Bd6 27. Qe3 Nh5 28. Bxd6 Qxd6 29. Kb1 Rad8 30. Qd2 d4 31. Be2 Nf4 32. Bf1 Qd5 33. Qxf4 Qxa2+ 34. Kc1 Qa1+ 35. Kd2 Qxb2 36. Ne5 Qc3+ 37. Kc1 Qa3+ 38. Kd2 Bf5 39. Bd3 Qc3+ 40. Kc1 Qa3+ 41. Kd2 Qa5+ 42. Kc1 Bxd3 43. Qxf7+ Kh8 44. Qf6+ Kg8 45. Qf7+ Kh8 46. Qf6+ Kg8 47. Rxd3 Qa1+ 48. Kd2 Qxg1 49. Qf7+ Kh8 50. Qf6+ Kg8 51. Rg3 Qa1 52. Qf7+ Kh8 53. Qf6+ Kg8 54. h5 Qa5+ 55. Kd1 Qa1+ 56. Kd2 Qa5+ 57. Kd1 Qc7 58. Ng4 Qg7 59. Nh6+ Kh8 60. Nf7+ Kg8 61. Nh6+ Kh8 62. Nf7+ Kg8 63. Nh6+ 1/2-1/2


[Site "https://www.chess.com"]

[Event "Titled Tuesday Blitz March 08 Early 2022"]
[White "Taboas Rodriguez, Daniel"]
[Black "Molina, Roberto Junio Brito"]
[WhiteFideId "2208466"]
[BlackFideId "2109450"]
[WhiteElo "2429"]
[BlackElo "2432"]
[Result "0-1"]
[Round "06"]
[TimeControl "180+1"]
[Date "2022.03.09"]
[WhiteClock "0:00:09"]
[BlackClock "0:00:39"]

1. d4 d5 2. Nf3 Nf6 3. c4 c6 4. cxd5 cxd5 5. Nc3 Qb6 6. Na4 Qa5+ 7. Bd2 Qd8 8. Rc1 e6 9. e3 Bd6 10. Bd3 O-O 11. O-O Nbd7 12. b4 b6 13. Qe2 Bb7 14. Ba6 Qb8 15. Rc2 Rc8 16. Rfc1 Rxc2 17. Rxc2 Ne4 18. Be1 Be7 19. a3 Nd6 20. Nb2 Qd8 21. Ne5 Rc8 22. Bxb7 Rxc2 23. Qxc2 Nxe5 24. dxe5 Nxb7 25. Qc6 Qb8 26. Nd3 Nd8 27. Qd7 Kf8 28. Bc3 Qb7 29. Qxb7 Nxb7 30. Bd4 Ke8 31. Kf1 Kd7 32. Ke2 Kc6 33. a4 a6 34. Kd2 b5 35. a5 f6 36. Kc3 f5 37. h3 Bg5 38. Bc5 Kd7 39. Bf8 g6 40. Kd4 Kc6 41. g4 fxg4 42. hxg4 h5 43. f4 Bd8 44. g5 Bc7 45. Ne1 Bb8 46. Nf3 Ba7+ 47. Kd3 Kd7 48. Nh4 Ke8 49. Bd6 Nxd6 50. exd6 Bb8 51. Nxg6 Bxd6 52. Kc3 Kf7 53. Nh4 Kg7 54. Nf3 Kg6 55. Nh4+ Kf7 56. Nf3 Ke7 57. Nh4 Ke8 58. Nf3 Kf7 59. Nh4 e5 60. f5 Be7 61. f6 Bf8 62. Kb3 Ke6 63. Kc3 Bd6 64. Kb3 e4 65. Kc3 Be5+ 66. Kc2 Bg3 67. Ng6 h4 0-1


[Site "https://www.chess.com"]

[Event "Titled Tuesday Blitz March 08 Early 2022"]
[White "Tasev, Dejan"]
[Black "Shkapenko, Pavel"]
[WhiteFideId "936618"]
[BlackFideId "4151933"]
[WhiteElo "2253"]
[BlackElo "2386"]
[Result "0-1"]
[Round "06"]
[TimeControl "180+1"]
[Date "2022.03.09"]
[WhiteClock "0:00:14"]
[BlackClock "0:00:42"]

1. e4 e5 2. Nf3 Nc6 3. Bc4 d6 4. Nc3 Be7 5. d4 Bg4 6. dxe5 Bxf3 7. gxf3 Nxe5 8. Bb3 Ng6 9. Be3 Bg5 10. Bxf7+ Kxf7 11. Qd5+ Kf8 12. Bxg5 Nf6 13. Qd2 h6 14. Be3 Nh4 15. O-O-O Qe8 16. Qe2 Qh5 17. Qc4 Qf7 18. Qe2 Qh5 19. Nd5 Qxf3 20. Qc4 Qxe4 21. Qxc7 Nxd5 22. Qxd6+ Ne7 23. Bc5 Nf5 24. Qc7 Qc6 25. Bxe7+ Nxe7 26. Qf4+ Kg8 27. Rhe1 Ng6 28. Qg3 Qf6 29. Qb3+ Kh7 30. Re6 Qf4+ 31. Kb1 Rhf8 32. Rc1 Rf6 33. a3 Rxe6 34. Qxe6 Qxf2 35. h3 Qf6 36. Qe4 Qf4 37. Qxb7 Rb8 38. Qxa7 Qe5 39. c3 Nf4 40. Qf2 Nd3 41. Qc2 Rxb2+ 42. Qxb2 Nxb2 43. Kxb2 Qh2+ 44. Rc2 Qxh3 45. c4 Qd7 46. c5 Qc6 47. Kb3 h5 48. Kb4 h4 49. a4 g5 50. a5 g4 51. Ra2 g3 52. a6 g2 53. a7 g1=Q 54. a8=Q Qgxc5+ 0-1


[Site "https://www.chess.com"]

[Event "Titled Tuesday Blitz March 08 Early 2022"]
[White "Timofeev, Artyom"]
[Black "Oparin, Grigoriy"]
[WhiteFideId "4140419"]
[BlackFideId "24125890"]
[WhiteElo "2594"]
[BlackElo "2665"]
[Result "1/2-1/2"]
[Round "06"]
[TimeControl "180+1"]
[Date "2022.03.08"]
[WhiteClock "0:00:15"]
[BlackClock "0:00:18"]

1. c4 e6 2. Nf3 d5 3. e3 Nf6 4. b3 Bd6 5. Bb2 O-O 6. Be2 Re8 7. O-O dxc4 8. Bxc4 a6 9. a4 b6 10. d3 Bb7 11. e4 Bf8 12. Nbd2 Nbd7 13. Qe2 c5 14. Rfd1 Qb8 15. h3 Rd8 16. Rac1 Ne8 17. d4 Nd6 18. Bd3 cxd4 19. Bxd4 Nc5 20. Bxc5 bxc5 21. Ne5 Be7 22. Ndc4 Nxc4 23. Nxc4 Qc7 24. a5 Rd4 25. Bb1 Rad8 26. Rxd4 cxd4 27. Bd3 Bb4 28. Qh5 g6 29. Qg5 Rc8 30. Rc2 Qe7 31. Qf4 f6 32. e5 fxe5 33. Qxe5 Bd5 34. Qxd4 Bc5 35. Qe5 Rf8 36. Ne3 Bd6 37. Nxd5 exd5 38. Qxe7 Bxe7 39. Rc6 Rb8 40. Bxa6 Rxb3 41. Be2 Ra3 42. a6 Kf7 43. Rc7 Ke6 44. Bg4+ Kf6 45. Rc6+ Kg7 46. g3 Bf6 47. Kg2 Bd4 48. Be2 Ra2 49. Kf3 Ra3+ 50. Kg2 Ra2 51. Re6 Kf7 52. Bg4 h5 53. Rd6 hxg4 54. Rxd5 Rxf2+ 55. Kh1 Be3 56. hxg4 Ra2 57. Rd6 g5 58. Rc6 Ke7 59. Rg6 Kd7 60. Rf6 Bd4 61. Rg6 Be3 62. Rf6 Ke8 63. Re6+ Kf7 64. Rxe3 Rxa6 65. Kg2 Ra4 66. Kf3 Kf6 67. Rd3 Rb4 68. Re3 Ra4 69. Re4 Ra3+ 70. Re3 Ra4 1/2-1/2


[Site "https://www.chess.com"]

[Event "Titled Tuesday Blitz March 08 Early 2022"]
[White "Tologon tegin, Semetei"]
[Black "Mikhalsky, Vladimir"]
[WhiteFideId "13800574"]
[BlackFideId "14144352"]
[WhiteElo "2258"]
[BlackElo "2301"]
[Result "1-0"]
[Round "06"]
[TimeControl "180+1"]
[Date "2022.03.09"]
[WhiteClock "0:00:29"]
[BlackClock "0:00:08"]

1. e4 g6 2. d4 Bg7 3. Nc3 d6 4. Be3 Nd7 5. Qd2 a6 6. a4 b6 7. Nf3 Ngf6 8. Bh6 Bxh6 9. Qxh6 Bb7 10. Bd3 e5 11. dxe5 dxe5 12. Bc4 Qe7 13. Ng5 Rf8 14. Nxh7 Nxh7 15. Qxh7 Qg5 16. O-O Nf6 17. Qh3 Nxe4 18. Nxe4 Bxe4 19. Rfe1 Bc6 20. Re3 Rd8 21. f4 Qxf4 22. Rf1 Qd4 23. Bxf7+ Rxf7 24. Qe6+ Re7 25. Qxc6+ Rdd7 26. Qxg6+ Rf7 27. Qg8+ Ke7 28. Rxf7+ Kd6 29. Rxd7+ Kxd7 30. Qf7+ Kd6 31. Qf6+ Kd5 32. Qf3+ Kc5 33. c3 1-0


[Site "https://www.chess.com"]

[Event "Titled Tuesday Blitz March 08 Early 2022"]
[White "Tymrakiewicz, Rafal"]
[Black "Havas, Ladislav"]
[WhiteFideId "1108832"]
[BlackFideId "14501090"]
[WhiteElo "2205"]
[BlackElo "2206"]
[Result "1-0"]
[Round "06"]
[TimeControl "180+1"]
[Date "2022.03.09"]
[WhiteClock "0:00:52"]
[BlackClock "0:01:20"]

1. d4 Nf6 2. Bg5 c5 3. d5 Qb6 4. Bc1 e6 5. c4 a6 6. Nc3 d6 7. e4 e5 8. g3 Be7 9. Bg2 O-O 10. Nge2 Bg4 11. f3 Bh5 12. O-O Qc7 13. g4 Bg6 14. Ng3 b5 15. h4 h6 16. cxb5 axb5 17. Nxb5 Qb6 18. Nc3 c4+ 19. Rf2 Na6 20. Qe2 Rac8 21. Be3 Qa5 22. Qd2 Nh7 23. h5 Bh4 24. Kh2 Nb4 25. Bf1 Ng5 26. hxg6 fxg6 27. Kg2 Rf7 28. Be2 Nd3 29. Bxd3 cxd3 30. Qxd3 Rcf8 31. Raf1 Qd8 32. Nce2 Rf6 33. f4 exf4 34. Rxf4 Qd7 35. Rxf6 Rxf6 36. Rxf6 gxf6 37. Bxg5 hxg5 38. Qf3 Kg7 39. Nd4 Qa4 40. Ne6+ Kf7 41. Qb3 Qa7 42. Qc3 Qxa2 43. Qc7+ Ke8 44. Qc8+ Ke7 45. Qf8+ Kd7 46. Qd8# 1-0


[Site "https://www.chess.com"]

[Event "Titled Tuesday Blitz March 08 Early 2022"]
[White "Vakhlamov, Igor L."]
[Black "Proudian, Armen"]
[WhiteFideId "24126748"]
[BlackFideId "2130734"]
[WhiteElo "2401"]
[BlackElo "2380"]
[Result "1-0"]
[Round "06"]
[TimeControl "180+1"]
[Date "2022.03.08"]
[WhiteClock "0:01:15"]
[BlackClock "0:00:13"]

1. e4 e5 2. Nf3 Nc6 3. Nc3 Nf6 4. Bb5 Nd4 5. Bc4 c6 6. O-O b5 7. Bb3 Nxf3+ 8. Qxf3 a5 9. a4 b4 10. Ne2 Bc5 11. d4 Bd6 12. Qg3 Qe7 13. dxe5 Bxe5 14. f4 Bc7 15. e5 Ne4 16. Qxg7 Bb6+ 17. Kh1 Rf8 18. f5 Ba6 19. Rf4 Nf2+ 20. Rxf2 Bxf2 21. Bg5 f6 22. exf6 Qxg7 23. fxg7 Bxe2 24. Bh6 Ke7 25. gxf8=Q+ Rxf8 26. Bxf8+ Kxf8 27. f6 d5 28. c3 bxc3 29. bxc3 Kf7 30. Ra2 1-0


[Site "https://www.chess.com"]